 Dungeon Crawl Stone Soup version 0.27-a0-899-ge2d0b17c59 (webtiles) character file.

Game seed: 8328997695795775573

795 robertstho the Sneak (level 7, 0/72 HPs)
             Began as an Octopode Berserker on Apr 5, 2021.
             Was a Priest of Trog.
             Slain by an orc wizard
             ... wielding a +0 dagger
              (4 damage)
             ... on level 5 of the Dungeon.
             The game lasted 00:04:54 (4162 turns).

robertstho the Sneak (Octopode Berserker)           Turns: 4162, Time: 00:04:54

Health: 0/72       AC:  1    Str: 18    XL:     7   Next: 89%
Magic:  7/7        EV: 10    Int: 10    God:    Trog [***...]
Gold:   236        SH: 12    Dex: 11    Spells: 6/6 levels left

rFire    . . .     SeeInvis .   o - +1 dagger (elec)
rCold    . . .     Faith    .   d - +0 tower shield
rNeg     . . .     Spirit   .   (helmet restricted)
rPois    .         Reflect  .   (no amulet)
rElec    .         Harm     .   (no ring)
rCorr    .         Rampage  .   (no ring)
Will     .....                  (no ring)
Stlth    ..........             (no ring)
HPRegen  0.22/turn              (no ring)
MPRegen  0.10/turn              (no ring)
                                (no ring)
                                (no ring)

@: berserking (expiring), very quick
A: almost no armour, amphibious, 8 rings, camouflage 1, gelatinous body 1,
(nimble swimmer 1), tentacles
a: Renounce Religion, Berserk, Trog's Hand


You were on level 5 of the Dungeon.
You worshipped Trog.
Trog was most pleased with you.
You visited 1 branch of the dungeon, and saw 5 of its levels.

You collected 236 gold pieces.

Inventory:

Hand Weapons
 a - a +0 hand axe
 c - a +0 vorpal spear
 o - a +1 dagger of electrocution (weapon)
Armour
 d - a +0 tower shield (worn)
Wands
 l - a wand of mindburst (10)
 q - a wand of flame (23)
Scrolls
 b - a scroll of magic mapping {unknown}
 e - a scroll of brand weapon
 g - a scroll of immolation {unknown}
 i - a scroll of holy word {unknown}
 j - 2 scrolls of teleportation {unknown}
 n - a scroll of amnesia {unknown}
Potions
 f - 2 potions of degeneration {unknown}
 h - 2 potions of might {unknown}
 k - 3 potions of curing {unknown}
 m - a potion of invisibility {unknown}
 p - a potion of haste
 r - a potion of heal wounds


   Skills:
 * Level 4.2 Fighting
 + Level 0.5 Short Blades
 + Level 3.3(3.7) Axes
 + Level 2.5(3.3) Polearms
 * Level 5.4 Dodging
 * Level 7.0 Stealth
 + Level 2.1 Shields


You had 6 spell levels left.
You didn't know any spells.
Your spell library was empty.

Dungeon Overview and Level Annotations

Branches:
Dungeon (5/15)
 Temple: D:4-7

Altars:
Trog

Shops:
D:4 :


Innate Abilities, Weirdness & Mutations

You cannot wear most types of armour.
You are amphibious.
You can wear up to eight rings at the same time.
Your skin changes colour to match your surroundings (Stealth+).
Your rubbery body absorbs attacks. (AC +1, EV +1)
((You are camouflaged near water. (Stealth+)))
You have tentacles for arms and can constrict up to eight enemies at once.


Message History

You closely miss something. Your squeeze misses something.
You hear some strange, mumbled words.
Something hits you. Something shocks you.
You puncture something! Your squeeze misses something.
You block the orc priest's attack. You block something's attack.
Something hits you.
You closely miss the orc priest. You grab the orc priest.
You constrict the orc priest.
A magic dart appears from out of thin air!
The magic dart hits something.
You block the orc priest's attack.
Something hits you. x2; Something shocks you.
You puncture the orc priest!
Lightning courses through the orc priest!!
You kill the orc priest!
Trog accepts your kill. Something hits you. Something shocks you.
Your Shields skill increases to level 2!
Unknown command.
You barely miss something.
Something hits you. x2; Something shocks you.
* * * LOW HITPOINT WARNING * * *
You hit something. Something hits you but does no damage. Something hits you.
* * * LOW HITPOINT WARNING * * *
Something hits you.
* * * LOW HITPOINT WARNING * * *
Something shocks you.
* * * LOW HITPOINT WARNING * * *
You puncture something! Trog accepts your kill.
Reactivating autopickup.
You feel a bit more experienced. You block something's attack.
Deactivating autopickup; reactivate with Ctrl-A.
Something hits you.
* * * LOW HITPOINT WARNING * * *
Your Stealth skill increases to level 7!
You miss something. Something hits you.
* * * LOW HITPOINT WARNING * * *
Something hits you.
* * * LOW HITPOINT WARNING * * *
You puncture something! Something hits you.
You die...

### #..
################### #..
........#.........# #..
.......{#.........####..
......†@................
.?..(.<)#........(######
###.#####.........# #...
# ####.........# #...
..........##### #...
#########..# #... ##.##
#... #######..## #...
#....)....# ####


There were no monsters in sight!

Vanquished Creatures
  2 ogres
  A sky beast (D:5)
  A scorpion (D:5)
  A water moccasin skeleton (D:4)
  A bullfrog zombie (D:5)
  An orc priest (D:5)
  A hound (D:5)
  A centaur skeleton (D:5)
  An iguana (D:2)
  An orc wizard (D:5)
  Natasha (thrice) (D:4)
  8 adders
  A howler monkey skeleton (D:4)
  4 worms
  3 dart slugs
  9 orcs
  7 endoplasms
  A giant cockroach (D:1)
  10 goblins
  9 hobgoblins
  6 jackals
  12 kobolds
  A quokka (D:2)
  7 ball pythons
  6 bats
  4 rats
102 creatures vanquished.

Vanquished Creatures (others)
  An endoplasm (D:2)
1 creature vanquished.

Grand Total: 103 creatures vanquished

Notes
Turn   | Place    | Note
-------+----------+-------------------------------------------
     0 | D:1      | robertstho the Octopode Berserker began the quest for the
                  | Orb.
     0 | D:1      | Reached XP level 1. HP: 16/16 MP: 1/1
   151 | D:1      | Found a faded altar of an unknown god.
   190 | D:1      | Reached XP level 2. HP: 21/21 MP: 2/2
   806 | D:1      | Reached skill level 1 in Stealth
   954 | D:2      | Reached ** piety under Trog
   969 | D:2      | Reached XP level 3. HP: 26/26 MP: 3/3
  1447 | D:2      | Reached skill level 2 in Stealth
  1447 | D:2      | Reached XP level 4. HP: 6/31 MP: 4/4
  2039 | D:3      | Reached skill level 1 in Polearms
  2040 | D:3      | Reached skill level 3 in Stealth
  2370 | D:3      | Reached XP level 5. HP: 36/36 MP: 5/5
  2415 | D:3      | Noticed a moth of wrath
  2418 | D:3      | Found a bloodstained altar of Trog.
  2941 | D:4      | Noticed Natasha
  2946 | D:4      | Reached *** piety under Trog
  2949 | D:4      | Killed Natasha
  2979 | D:4      | Noticed Natasha
  2986 | D:4      | Killed Natasha
  2987 | D:4      | Reached skill level 4 in Stealth
  3074 | D:4      | Noticed an ogre
  3082 | D:4      | Killed an ogre
  3083 | D:4      | Reached XP level 6. HP: 17/43 MP: 6/6
  3328 | D:4      | Reached skill level 5 in Stealth
  3353 | D:4      | Found Soxteo Wuge's Book Shop.
  3601 | D:4      | Reached skill level 1 in Shields
  3682 | D:4      | Noticed Natasha
  3686 | D:4      | Killed Natasha
  3820 | D:5      | Entered Level 5 of the Dungeon
  3827 | D:5      | Reached XP level 7. HP: 47/47 MP: 7/7
  3836 | D:5      | Reached skill level 5 in Dodging
  3862 | D:5      | Reached skill level 6 in Stealth
  4161 | D:5      | Reached skill level 7 in Stealth
  4162 | D:5      | Slain by an orc wizard

Illustrated notes

Levels and vault maps discovered:
D:1:      scummos_arrival_simple_fountains, layout_loops_ring,
          basic_ecumenical_altar, minmay_misc_feat_cross
D:2:      layout_basic
D:3:      layout_basic, tgw_trog
D:4:      layout_rooms, serial_shops, shop_statue, kennysheep_generic_room_9,
          uniq_natasha
D:5:      layout_basic, minmay_misc_feat_secret_circle, uniq_edmund

Skill      XL: |  1  2  3  4  5  6  7 |
---------------+----------------------+-----
Stealth        | 1 2 3 4 5 7 |  7.0
Dodging        | 4 5 |  5.4
Polearms       | 1 2 |  2.5
Shields        | 1 2 |  2.1
Fighting       | 4 |  4.2
Short Blades   | |  0.5
Axes           | |  3.3

Action                   |  1- 3 |  4- 6 |  7- 9 || total
-------------------------+-------+-------+-------++-------
Melee: Hand axe          |     6 |       |       ||     6
       Spear             |    72 |    94 |       ||   166
       Tentacles         |    14 |    21 |     4 ||    39
       Constrict         |    15 |    25 |     4 ||    44
       Dagger            |       |    16 |    27 ||    43
Invok: Berserk           |     2 |     5 |     1 ||     8
       Trog's Hand       |       |     1 |       ||     1
  Use: Scroll            |       |     3 |       ||     3
 Stab: Sleeping          |     8 |     9 |     3 ||    20
       Distracted        |     1 |       |       ||     1
Armor: Skin              |     4 |     8 |     1 ||    13
Dodge: Dodged            |    34 |    23 |     6 ||    63
Block: Tower shield      |     9 |    53 |    18 ||    80

Table legend: (Time is in decaauts)
 A = Elapsed time spent in this place.
 B = Non-inter-level travel time spent in this place.
 C = Inter-level travel time spent in this place.
 D = Time resting spent in this place.
 E = Time spent auto-exploring this place.
 F = Levels seen in this place.
 G = Mean time per level.
                   A        B        C        D        E       F      G
               +--------+--------+--------+--------+--------+-----+--------+
         Total |   4285 |   4221 |     64 |    770 |   2644 |   5 |  857.0 |
       Dungeon |   4285 |   4221 |     64 |    770 |   2644 |   5 |  857.0 |
               +--------+--------+--------+--------+--------+-----+--------+

Top non-repeatable levels by time:
     D:3: 1066 daAuts
     D:2: 1020 daAuts
     D:4: 928 daAuts
     D:1: 919 daAuts
     D:5: 349 daAuts
